 Dungeon Crawl Stone Soup version 0.16-a0-2944-g6f1bef2 (webtiles) character file.

6510 Kemay the Transmogrifier (level 11, 0/78 HPs)
             Began as an Octopode Transmuter on Dec 4, 2014.
             Was a Priest of Sif Muna.
             Slain by a troll (18 damage)
             ... on level 9 of the Dungeon.
             The game lasted 01:11:26 (12595 turns).

Kemay the Transmogrifier (Octopode Transmuter)     Turns: 12595, Time: 01:11:26

Health: 0/78       AC: 11    Str:  9    XL:     11   Next: 0%
Magic:  17/17      EV: 19    Int: 16    God:    Sif Muna [***...]
Gold:   374        SH:  6    Dex: 19    Spells: 2 memorised, 7 levels left

rFire  . . .     SeeInvis .     n - +0 long sword (protect)
rCold  . . .     Clarity  +     G - +0 buckler {AC+3}
rNeg   + . .     SustAb   .     D - +2 hat
rPois  +         Gourm    .     k - amulet of warding
rElec  .         Spirit   .     u - +3 ring of dexterity
rCorr  .         Warding  +     (no ring)
rMut   .         Stasis   .     (no ring)
MR     .....                    (no ring)
Stlth  +++.......               (no ring)
                                (no ring)
                                (no ring)
                                (no ring)

@: appendage (expiring), not resistant to hostile enchantments, fairly stealthy
A: almost no armour, amphibious, 8 rings, constrict 8, tentacle spike 3,
camouflage 1, clarity, poison resistance, regeneration 1, robust 1, gelatinous
body 1
a: End Transformation, Channel Energy, Forget Spell, Renounce Religion


You were on level 9 of the Dungeon.
You worshipped Sif Muna.
Sif Muna was most pleased with you.
You were not hungry.
One of your tentacles had a temporary spike.
You visited 4 branches of the dungeon, and saw 14 of its levels.

You collected 500 gold pieces.
You spent 126 gold pieces at shops.

Inventory:

Hand weapons
 n - a +0 long sword of protection (weapon)
Armour
 D - a +2 hat (worn)
 G - a +0 buckler of protection (worn)
Jewellery
 k - an amulet of warding (around mantle)
 u - a +3 ring of dexterity (left tentacle)
 y - an uncursed amulet of regeneration
Magical devices
 g - a wand of flame (18)
 i - a wand of slowing (28)
 o - a wand of frost (19)
 r - a wand of frost (4)
 t - a wand of paralysis (9)
 A - a wand of draining (5)
 B - a wand of hasting (0)
Scrolls
 b - 4 scrolls of remove curse
 e - 6 scrolls of teleportation
 s - a scroll of fog
 z - 2 scrolls of amnesia
Potions
 l - a potion of cure mutation
 q - 2 potions of brilliance
 x - a potion of cancellation
 E - a potion of might
 F - a potion of flight
Books
 d - a book of Changes

   Spells                             Type                      Level
   a - Beastly Appendage              Transmutation                1
   b - Sticks to Snakes               Transmutation                2
   c - Spider Form                    Transmutation/Poison         3
   d - Ice Form                       Ice/Transmutation            4
   e - Blade Hands                    Transmutation                5
 j - a book of the Earth

   Spells                             Type                      Level
   a - Leda's Liquefaction            Hexes/Earth                  4
   b - Bolt of Magma                  Conjuration/Fire/Earth       5
   c - Statue Form                    Transmutation/Earth          6
   d - Iron Shot                      Conjuration/Earth            6
   e - Shatter                        Earth                        9
 v - a book of the Dragon

   Spells                             Type                      Level
   a - Flight                         Charms/Air                   3
   b - Cause Fear                     Hexes                        4
   c - Bolt of Fire                   Conjuration/Fire             6
   d - Dragon Form                    Transmutation                7
   e - Dragon's Call                  Summoning                    9
 C - a book of Unlife

   Spells                             Type                      Level
   a - Recall                         Summoning/Translocation      3
   b - Animate Dead                   Necromancy                   4
   c - Control Undead                 Necromancy                   4
   d - Cigotuvi's Embrace             Necromancy                   5
   e - Death Channel                  Necromancy                   6
   f - Simulacrum                     Ice/Necromancy               6
Comestibles
 a - 4 bread rations
 c - 16 chunks of flesh
 f - 7 meat rations
 h - a beef jerky
 w - a royal jelly


   Skills:
 - Level 5.0 Fighting
 - Level 8.2 Dodging
 - Level 5.1 Shields
 - Level 6.0 Unarmed Combat
 - Level 2.0 Spellcasting
 + Level 8.6 Transmutations
 + Level 7.2 Earth Magic


You had 7 spell levels left.
You knew the following spells:

 Your Spells              Type           Power        Failure   Level  Hunger
a - Beastly Appendage     Trmt           ####..       1%          1    #......
b - Statue Form           Trmt/Erth      ####.....    97%         6    #######


Dungeon Overview and Level Annotations

Branches:
Dungeon (10/15)            Temple (1/1) D:5            Lair (2/8) D:9
    Orc (1/4) D:9

Altars:
Ashenzari
Cheibriados
Dithmenos
Elyvilon
Fedhas
Gozag
Makhleb
Nemelex Xobeh
Okawaru
Qazlal
Ru
Sif Muna
Trog
Vehumet
Xom
Yredelemnul
Zin
The Shining One

Shops:
D:4 %   D:5 *   D:9 %

Annotations:
D:8 Erolcha, Joseph


Innate Abilities, Weirdness & Mutations

You cannot wear most types of armour.
You are amphibious.
You can wear up to eight rings at the same time.
You can use your tentacles to constrict many enemies at once.
Your skin changes colour to match your surroundings (Stealth).
Your rubbery body absorbs attacks (AC +1).
One of your tentacles bears a large vicious spike.
You possess an exceptional clarity of mind.
Your system is resistant to poisons.
Your natural rate of healing is unusually fast.
You are robust (+10% HP).


Message History

You tentacle-slap the troll.
You squeeze the troll, but do no damage.
The troll is severely wounded.
The troll closely misses you. The troll claws you but does no damage.
The troll completely misses you.
You closely miss the troll.
The troll is severely wounded.
You block the troll's attack. x2
The troll completely misses you.
You closely miss the troll. Your squeeze misses the troll.
The troll is severely wounded.
Your transformation is almost over.
The troll completely misses you. The troll claws you. The troll claws you!
The troll completely misses you. The troll barely misses you.
The troll claws you!
* * * LOW HITPOINT WARNING * * *
You slash the troll! Your squeeze misses the troll.
The troll is severely wounded.
The troll bites you!!
You die...

#...#.....#####..#
...###...........##### ..##
###.......#.....# ..##
#......###...## #..##
##......####...## ###
#...###........##..#..####.###
#....##......#...####..##.>.<#
............##.)## ##.......#
..#........∩...T@# ##.....##
..##..#..#####.###
##.....##### .##..##..# ##.#
##........... .#...#...#
#.#####....##.....# ....##...#
##.........####.####
#........#####..###....## #.##
##....##....#..## ##...# ##.#
....#######...## #...## #.##
....## ##..# #....# #..#


You could see a troll.

Vanquished Creatures
  A spiny frog (Lair:1)
  A komodo dragon (D:9)
  A two-headed ogre (D:8)
  2 wyverns (D:9)
  A hippogriff (Lair:1)
  6 yaks (Lair:1)
  Edmund (D:6)
  A water moccasin (Lair:1)
  3 porcupines
  A black bear (Lair:2)
  4 ogres
  A phantom (D:5)
  3 sky beasts
  3 centaurs
  An orc warrior (D:9)
  2 crocodiles
  The ghost of Kemay the Ducker, an average OpTm (D:3)
  Blork the orc (D:5)
  4 giant frogs
  2 scorpions
  4 killer bees (D:7)
  3 wights (D:6)
  A giant frog zombie (D:6)
  7 crimson imps
  A goliath beetle (D:6)
  5 jellies
  A quasit (D:6)
  Crazy Yiuf (D:2)
  2 giant frog skeletons
  An orc priest (D:7)
  5 hounds
  2 iguanas
  A gnoll shaman (D:9)
  3 orange rats
  6 orc wizards
  11 worker ants
  Natasha (thrice) (D:4)
  4 sheep (Lair:1)
  Ijyb (D:4)
  14 adders
  8 gnolls
  A river rat (D:9)
  3 giant mites
  7 worms
  An adder zombie (D:7)
  2 adder skeletons (D:7)
  4 giant geckos
  2 oozes
  37 orcs
  A bat zombie (D:7)
  A giant cockroach (D:1)
  9 goblins
  14 hobgoblins
  8 jackals
  8 quokkas
  A ball python (D:3)
  17 bats
  3 giant newts
  A giant spore (D:8)
  18 kobolds
  19 rats
  8 ballistomycetes
289 creatures vanquished.

Vanquished Creatures (others)
  An adder (D:8)
  A giant spore (D:9)
2 creatures vanquished.

Grand Total: 291 creatures vanquished

Notes
Turn   | Place    | Note
--------------------------------------------------------------
     0 | D:1      | Kemay, the Octopode Transmuter, began the quest for the Orb.
     0 | D:1      | Reached XP level 1. HP: 13/13 MP: 3/3
   246 | D:1      | Reached XP level 2. HP: 13/18 MP: 0/4
   734 | D:1      | Reached XP level 3. HP: 23/23 MP: 3/6
  1327 | D:2      | Reached skill level 4 in Dodging
  1416 | D:2      | Found a burning altar of Makhleb.
  1421 | D:2      | Reached XP level 4. HP: 28/28 MP: 5/7
  1499 | D:2      | Reached skill level 5 in Dodging
  1506 | D:2      | Reached XP level 5. HP: 15/33 MP: 9/9
  1766 | D:2      | Noticed Crazy Yiuf
  1770 | D:2      | Killed Crazy Yiuf
  1910 | D:3      | Found a stormy altar of Qazlal.
  2312 | D:3      | Noticed Kemay's ghost (average OpTm)
  2342 | D:3      | Killed Kemay's ghost
  2342 | D:3      | Reached XP level 6. HP: 12/41 MP: 10/10
  2350 | D:3      | Learned a level 6 spell: Statue Form
  2887 | D:4      | Found Klaxtead's Food Boutique.
  2919 | D:4      | Noticed Ijyb
  2929 | D:4      | Killed Ijyb
  3415 | D:4      | Noticed Natasha
  3421 | D:4      | Killed Natasha
  3421 | D:4      | Reached skill level 1 in Earth Magic
  3477 | D:4      | Reached XP level 7. HP: 30/46 MP: 12/12
  3950 | D:4      | Noticed Natasha
  3954 | D:4      | Killed Natasha
  4152 | D:4      | Noticed Natasha
  4152 | D:4      | Killed Natasha
  4190 | D:5      | Entered Level 5 of the Dungeon
  4242 | D:5      | Noticed Blork the orc
  4251 | D:5      | Killed Blork the orc
  4360 | D:5      | Found a staircase to the Ecumenical Temple.
  4381 | Temple   | Entered the Ecumenical Temple
  4386 | Temple   | Became a worshipper of Sif Muna the Loreminder
  4419 | Temple   | Gained mutation: Your natural rate of healing is unusually fast. [potion of beneficial mutation]
  4508 | D:5      | Reached XP level 8. HP: 50/52 MP: 11/13
  4566 | D:5      | Gained mutation: Your system is resistant to poisons. [potion of mutation]
  4566 | D:5      | Gained mutation: You possess an exceptional clarity of mind. [potion of mutation]
  4566 | D:5      | Gained mutation: You are robust (+10% HP). [potion of mutation]
  4690 | D:5      | Found Qupaog's General Store.
  4746 | D:5      | Reached skill level 5 in Transmutations
  5127 | D:5      | Acquired Sif Muna's first power
  5372 | D:6      | Reached skill level 5 in Earth Magic
  5487 | D:6      | Reached skill level 6 in Transmutations
  5845 | D:6      | Found an iron altar of Okawaru.
  5972 | D:6      | Reached skill level 7 in Transmutations
  6207 | D:6      | Noticed Edmund
  6397 | D:6      | Killed Edmund
  6397 | D:6      | Reached XP level 9. HP: 58/63 MP: 14/14
  6743 | D:7      | Reached skill level 5 in Unarmed Combat
  6807 | D:7      | Noticed a hill giant
  7272 | D:7      | Reached skill level 5 in Fighting
  7531 | D:7      | Found a glowing golden altar of the Shining One.
  7533 | D:7      | Found a radiant altar of Vehumet.
  7699 | D:7      | Reached skill level 1 in Shields
  8025 | D:8      | Noticed Erolcha
  8561 | D:8      | Noticed Joseph
  8862 | D:9      | Reached XP level 10. HP: 26/72 MP: 16/16
  9086 | D:9      | Found a staircase to the Lair.
  9387 | D:9      | Found a glowing golden altar of the Shining One.
  9636 | D:9      | Reached skill level 8 in Dodging
  9797 | D:9      | Found Kekhuh's Food Shop.
  9797 | D:9      | Found a staircase to the Orcish Mines.
 10259 | D:9      | Reached skill level 5 in Shields
 10460 | Lair:1   | Entered Level 1 of the Lair of Beasts
 10560 | Lair:1   | Acquired Sif Muna's second power
 11849 | D:5      | Bought a +0 buckler of protection for 126 gold pieces
 12214 | Lair:2   | Noticed a seven-headed hydra
 12399 | Orc:1    | Entered Level 1 of the Orcish Mines
 12511 | D:10     | Entered Level 10 of the Dungeon
 12513 | D:10     | Noticed a hill giant
 12541 | D:9      | Reached XP level 11. HP: 76/78 MP: 17/17
 12595 | D:9      | Slain by a troll

Action                   |  1- 3 |  4- 6 |  7- 9 | 10-12 || total
-------------------------+-------+-------+-------+-------++-------
Melee: Unarmed           |    82 |       |       |       ||    82
       War axe           |    22 |    42 |       |       ||    64
       Long sword        |       |    37 |   399 |   351 ||   787
       Quarterstaff      |       |    21 |       |       ||    21
Throw: Tomahawk          |       |       |    25 |     5 ||    30
 Cast: Beastly Appendage |    26 |    22 |    60 |    32 ||   140
Evoke: Wand              |       |       |     1 |     5 ||     6
  Use: Scroll            |     7 |     6 |     7 |     8 ||    28
       Potion            |       |       |    10 |       ||    10
 Stab: Sleeping          |     3 |       |     8 |     3 ||    14
       Distracted        |       |       |     1 |       ||     1
       Invisible         |       |       |     2 |       ||     2
  Eat: Chunk             |     2 |     3 |     9 |    10 ||    24
       Bread ration      |       |     1 |     1 |     1 ||     3
       Pizza             |       |       |     3 |       ||     3
       Fruit             |       |       |     1 |     1 ||     2
